 Dungeon Crawl Stone Soup version 0.22-a0-525-gf69a080 (webtiles) character file.

20164 vineage the Severer (level 12, -1/113 HPs)
             Began as a Minotaur Fighter on June 21, 2018.
             Was a High Priest of Okawaru.
             Succumbed to a spiny frog's poison
             ... on level 2 of the Lair of Beasts.
             The game lasted 00:20:40 (15286 turns).

vineage the Severer (Minotaur Fighter)             Turns: 15286, Time: 00:20:40

Health: -1/113     AC: 18    Str: 24    XL:     12   Next: 42%
Magic:  11/11      EV:  6    Int:  5    God:    Okawaru [*****.]
Gold:   897        SH: 12    Dex: 12    Spells: 11/11 levels left

rFire    + . .     SeeInvis +   j - +1 war axe (chop)
rCold    x . .     Gourm    .   c - +0 shield
rNeg     . . .     Faith    .   I - +0 plate armour
rPois    .         Spirit   .   (helmet restricted)
rElec    .         Reflect  .   b - +0 cloak {+Inv}
rCorr    .         Harm     .   h - +1 pair of gloves
MR       .....     Clarity  +   (no boots)
Stlth    ..........             x - amulet of the acrobat
HPRegen  0.28/turn              y - ring of fire
MPRegen  0.12/turn              N - ring of see invisible

@: lethally poisoned (-1 -> -13)
A: retaliatory headbutt, hooves 1, horns 2, clarity
a: Heroism, Finesse, Renounce Religion, Evoke Invisibility


You were on level 2 of the Lair of Beasts.
You worshipped Okawaru.
Okawaru was extremely pleased with you.
You were hungry.

You visited 3 branches of the dungeon, and saw 14 of its levels.

You collected 897 gold pieces.

Inventory:

Hand Weapons
 j - a +1 war axe of chopping (weapon)
Armour
 b - a +0 cloak of invisibility (worn)
 c - a +0 shield (worn)
 h - a +1 pair of gloves (worn)
 I - a +0 plate armour (worn)
Jewellery
 g - an uncursed amulet of guardian spirit
 x - an amulet of the acrobat (around neck)
 y - a ring of fire (left hand)
 N - a ring of see invisible (right hand)
Wands
 r - a wand of random effects (82)
 A - a wand of flame (35)
 F - a wand of enslavement (31)
 G - a wand of polymorph (33)
Scrolls
 e - 2 scrolls of remove curse
 m - a scroll of blinking {unknown}
 o - 6 scrolls of teleportation
 s - a scroll of immolation {unknown}
 u - 7 scrolls of magic mapping
 v - a scroll of fear
 B - a scroll of amnesia {unknown}
 C - a scroll of vulnerability {unknown}
 J - 2 scrolls of fog {unknown}
 K - a scroll of noise {unknown}
Potions
 a - a potion of lignification {unknown}
 d - a potion of invisibility
 i - a potion of magic {unknown}
 k - a potion of might
 n - 2 potions of curing
 t - 3 potions of flight
 w - a potion of brilliance
 D - 2 potions of agility
 E - a potion of haste
 H - a potion of berserk rage
 L - 2 potions of mutation
Comestibles
 f - 30 rations


   Skills:
 + Level 12.3 Fighting
 + Level 16.3 Axes
 + Level 10.2 Armour
 + Level 10.0 Shields
 + Level 0.3 Invocations


You had 11 spell levels left.
You didn't know any spells.
Your spell library contained the following spells:

 Spells                   Type           Power        Failure   Level  Hunger
 Magic Dart               Conj           #...         100%        1    ##.....
 Conjure Flame            Conj/Fire      #.......     100%        3    ####...
 Bolt of Magma            Conj/Fire/Erth #.........   100%        5    ######.
 Slow                     Hex            #.......     100%        2    ###....
 Mephitic Cloud           Conj/Pois/Air  #.......     100%        3    ####...
 Venom Bolt               Conj/Pois      #.........   100%        5    ######.
 Blink                    Tloc           N/A          100%        2    ###....
 Call Imp                 Summ           #.......     100%        2    ###....
 Iron Shot                Conj/Erth      #.........   100%        6    #######
 Spider Form              Tmut/Pois      #.........   100%        3    ####...
 Blade Hands              Tmut           #.........   100%        5    ######.
 Ice Form                 Ice/Tmut       #.......     100%        4    #####..
 Sticks to Snakes         Tmut           #.......     100%        2    ###....
 Orb of Destruction       Conj           #.........   100%        7    #######
 Beastly Appendage        Tmut           #.....       100%        1    ##.....
 Iskenderun's Battlesphe  Conj/Chrm      #.......     100%        5    ######.
 Spellforged Servitor     Conj/Summ      #.........   100%        7    #######


Dungeon Overview and Level Annotations

Branches:
Dungeon (11/15)            Temple (1/1) D:4            Lair (2/6) D:11
 Shoals (0/4) Lair:2
  Snake: Lair:2-4    Spider: Lair:2-4       Orc: D:9-12

Altars:
Ashenzari
Cheibriados
Dithmenos
Elyvilon
Fedhas
Gozag
Hepliaklqana
Kikubaaqudgha
Makhleb
Nemelex Xobeh
Okawaru
Qazlal
Ru
Sif Muna
Trog
Uskayaw
Vehumet
Wu Jian
Xom
Yredelemnul
Zin
The Shining One
Jiyva

Shops:
D:6 *


Innate Abilities, Weirdness & Mutations

You reflexively headbutt those who attack you in melee.
You have a pair of horns on your head.
You have large cloven feet.
You possess an exceptional clarity of mind.


Message History

You feel sick. You block the 12-headed hydra's attack.
The 12-headed hydra bites you.
* * * LOW HITPOINT WARNING * * *
You block the 12-headed hydra's attack.
The 12-headed hydra bites you but does no damage.
You block the 12-headed hydra's attack. The 12-headed hydra bites you.
* * * LOW HITPOINT WARNING * * *
The 12-headed hydra bites you.
* * * LOW HITPOINT WARNING * * *
The 12-headed hydra bites you but does no damage.
The 12-headed hydra closely misses you. The 12-headed hydra bites you.
* * * LOW HITPOINT WARNING * * *
The 12-headed hydra bites you!
* * * LOW HITPOINT WARNING * * *
The 12-headed hydra barely misses you.
The spiny frog stings you but does no damage.
As you read the scroll of fear, it crumbles to dust.
You assume a fearsome visage.
The 12-headed hydra looks frightened!
The spiny frog looks frightened!
You die...

......... #........
#......?. .. ...
##### .... ###
##..#. ...[.
####.## #....#
......##.#...#
##....
......D@#....#
#P....
$.##P#F#.....##
#..... ##.......##
##.... #.........#
###.... #........##
#......
#.........###......
###.........)...†..
#........P.#.....
#PP##..#####.....


You could see a 12-headed hydra (fleeing) and a spiny frog (fleeing).

Vanquished Creatures
  Erolcha (D:10)
  3 hydras
  A two-headed ogre (D:9)
  A tengu warrior (D:11)
  Sonja (D:10)
  An unseen horror (D:11)
  Joseph (D:7)
  Maurice (D:9)
  A black mamba (Lair:1)
  2 spiny frogs
  A rime drake (Lair:2)
  A komodo dragon (Lair:1)
  3 trolls (D:10)
  3 hippogriffs
  3 blink frogs (Lair:1)
  15 yaks
  Sigmund (D:4)
  A basilisk (D:11)
  A human (D:7)
  2 wyverns
  4 hogs (D:7)
  A hungry ghost (D:11)
  A steam dragon (D:11)
  Menkaure (D:5)
  An acid dragon (D:11)
  5 water moccasins
  8 porcupines
  Duvessa (D:7)
  5 black bears
  3 ice beasts
  2 sky beasts
  3 orc warriors
  A phantom (D:4)
  5 ogres
  A necrophage (D:5)
  2 wolves (D:11)
  A centaur (D:8)
  6 crocodiles
  Blork the orc (D:5)
  8 bullfrogs
  Dowan (D:7)
  17 killer bees
  5 wights (D:9)
  4 crimson imps
  2 quasits (D:9)
  A jelly (D:11)
  7 orc priests
  3 bullfrog skeletons
  4 hounds
  A centaur skeleton (D:7)
  15 orc wizards
  Natasha (thrice) (D:2)
  Ijyb (D:3)
  4 iguanas
  9 worker ants
  A killer bee zombie (D:8)
  A hound zombie (D:11)
  2 hound skeletons
  A howler monkey zombie (D:10)
  2 worker ant zombies
  5 gnolls (D:11)
  17 adders
  2 shadow imps
  2 adder zombies
  An adder skeleton (D:8)
  4 worms
  2 dart slugs
  5 leopard geckos
  46 orcs
  4 giant cockroaches
  10 goblins
  3 hobgoblins (D:1)
  12 jackals
  5 quokkas
  4 ball pythons
  3 bats
  A frilled lizard (D:2)
  A jackal zombie (D:6)
  2 kobolds (D:2)
  A leopard gecko skeleton (D:4)
  A leopard gecko zombie (D:7)
  A quokka skeleton (D:7)
  A quokka zombie (D:6)
  8 rats
329 creatures vanquished.

Vanquished Creatures (others)
  A bush (D:11)
  2 fungi (D:11)
  5 plants
8 creatures vanquished.

Grand Total: 337 creatures vanquished

Notes
Turn   | Place    | Note
-------+----------+-------------------------------------------
     0 | D:1      | vineage the Minotaur Fighter began the quest for the Orb.
     0 | D:1      | Reached XP level 1. HP: 19/19 MP: 0/0
   151 | D:1      | Reached XP level 2. HP: 17/27 MP: 1/1
   219 | D:1      | Reached skill level 3 in Axes
   581 | D:2      | Reached XP level 3. HP: 31/34 MP: 2/2
   610 | D:2      | Found a hazy altar of Hepliaklqana.
   706 | D:2      | Found an opulent altar of Gozag.
   927 | D:2      | Noticed Natasha
   940 | D:2      | Killed Natasha
   940 | D:2      | Reached skill level 5 in Fighting
   940 | D:2      | Reached skill level 4 in Axes
   940 | D:2      | Reached XP level 4. HP: 30/42 MP: 1/3
  1218 | D:2      | Noticed Natasha
  1238 | D:2      | Killed Natasha
  1550 | D:2      | Noticed Natasha
  1557 | D:2      | Killed Natasha
  1616 | D:3      | Found a faded altar of an unknown god.
  1622 | D:3      | Reached skill level 5 in Axes
  1685 | D:3      | Reached XP level 5. HP: 41/48 MP: 2/4
  1888 | D:3      | Noticed Ijyb
  1904 | D:3      | Killed Ijyb
  2042 | D:4      | Noticed an ice beast
  2055 | D:4      | Killed an ice beast
  2055 | D:4      | Reached skill level 6 in Axes
  2058 | D:4      | Reached XP level 6. HP: 43/56 MP: 3/5
  2129 | D:4      | Reached skill level 7 in Axes
  2246 | D:4      | Found a hide-covered altar of Uskayaw.
  2256 | D:4      | Noticed Sigmund
  2284 | D:4      | Killed Sigmund
  2284 | D:4      | Reached XP level 7. HP: 25/63 MP: 1/6
  2402 | D:4      | Got a smoking whip
  2405 | D:4      | Identified the +4 whip of the Sage {antimagic, *Rage MP+9 Dex+3} (You found it on level 4 of the Dungeon)
  2630 | D:4      | Found a staircase to the Ecumenical Temple.
  2636 | D:4      | Reached skill level 8 in Axes
  2649 | Temple   | Entered the Ecumenical Temple
  3373 | D:4      | Reached skill level 9 in Axes
  3486 | D:5      | Entered Level 5 of the Dungeon
  3528 | D:5      | Found a shattered altar of Ashenzari.
  3551 | D:5      | Noticed Blork the orc
  3561 | D:5      | Killed Blork the orc
  3668 | D:5      | Found a stormy altar of Qazlal.
  3839 | D:5      | Found a shattered altar of Ashenzari.
  3842 | D:5      | Reached XP level 8. HP: 55/71 MP: 5/7
  3948 | D:5      | Reached skill level 10 in Axes
  4302 | D:5      | Noticed Menkaure
  4305 | D:5      | Killed Menkaure
  4632 | D:6      | Reached skill level 11 in Axes
  4674 | D:6      | Found a blossoming altar of Fedhas.
  5216 | D:6      | Found Bireics's General Store.
  5558 | D:7      | Reached skill level 12 in Axes
  5558 | D:7      | Reached XP level 9. HP: 54/81 MP: 8/8
  5813 | D:7      | Reached skill level 13 in Axes
  6121 | D:7      | Found a stormy altar of Qazlal.
  6137 | D:7      | Noticed Joseph
  6138 | D:7      | Found a glowing silver altar of Zin.
  6145 | D:7      | Killed Joseph
  6207 | D:7      | Noticed Duvessa
  6208 | D:7      | Noticed Dowan
  6214 | D:7      | Killed Dowan
  6218 | D:7      | Killed Duvessa
  6662 | D:7      | Found a sacrificial altar of Ru.
  7094 | D:8      | Gained mutation: You are weak. (Str -2) [potion of mutation]
  7094 | D:8      | Gained mutation: Your spells are a little harder to cast, but a little more powerful. [potion of mutation]
  7094 | D:8      | Gained mutation: You expend magic power (3 MP) to strengthen your wands. [potion of mutation]
  7095 | D:8      | Lost mutation: Your spells are a little harder to cast, but a little more powerful. [potion of mutation]
  7095 | D:8      | Lost mutation: You expend magic power (3 MP) to strengthen your wands. [potion of mutation]
  7095 | D:8      | Lost mutation: You are weak. (Str -2) [potion of mutation]
  7095 | D:8      | Gained mutation: You have large cloven feet. [potion of mutation]
  7095 | D:8      | Gained mutation: You possess an exceptional clarity of mind. [potion of mutation]
  7126 | D:8      | Found an iron altar of Okawaru.
  7146 | D:8      | Became a worshipper of Warmaster Okawaru
  7179 | D:8      | Found a deep blue altar of Sif Muna.
  7258 | D:8      | Found a bloodstained altar of Trog.
  7281 | D:8      | Found a shadowy altar of Dithmenos.
  7311 | D:8      | Reached XP level 10. HP: 77/91 MP: 9/9
  7483 | D:8      | Reached * piety under Okawaru
  7483 | D:8      | Reached skill level 5 in Armour
  7585 | D:8      | Reached skill level 14 in Axes
  7856 | D:9      | Reached skill level 5 in Shields
  8230 | D:9      | Found a snail-covered altar of Cheibriados.
  8253 | D:9      | Noticed Maurice
  8268 | D:9      | Killed Maurice
  8268 | D:9      | Reached ** piety under Okawaru
  8348 | D:9      | Reached skill level 10 in Fighting
  8368 | D:9      | Noticed a two-headed ogre
  8377 | D:9      | Killed a two-headed ogre
  9050 | D:9      | Found a basalt altar of Yredelemnul.
  9158 | D:9      | Found a glowing golden altar of the Shining One.
  9168 | D:9      | Found a radiant altar of Vehumet.
  9271 | D:10     | Entered Level 10 of the Dungeon
  9358 | D:10     | Noticed Sonja
  9378 | D:10     | Killed Sonja
  9378 | D:10     | Reached *** piety under Okawaru
  9667 | D:10     | Reached XP level 11. HP: 56/101 MP: 10/10
  9933 | D:10     | Reached **** piety under Okawaru
 10200 | D:10     | Noticed Erolcha
 10717 | D:11     | Found a flagged portal.
 10776 | D:11     | Reached skill level 15 in Axes
 10921 | D:11     | Killed an unseen horror
 10938 | D:11     | Noticed a tengu warrior
 10951 | D:11     | Killed a tengu warrior
 10951 | D:11     | Reached ***** piety under Okawaru
 11401 | D:11     | Found a staircase to the Lair.
 11677 | D:11     | Noticed a death knight
 11685 | D:11     | Noticed a phantasmal warrior
 12088 | D:10     | Killed Erolcha
 12088 | D:10     | Reached skill level 16 in Axes
 12113 | Lair:1   | Entered Level 1 of the Lair of Beasts
 12147 | Lair:1   | Noticed a six-headed hydra
 12156 | Lair:1   | Killed an 11-headed hydra
 12156 | Lair:1   | Received a gift from Okawaru
 12864 | Lair:1   | Reached XP level 12. HP: 105/111 MP: 11/11
 13554 | Lair:1   | Noticed an eight-headed hydra
 13564 | Lair:1   | Killed a 13-headed hydra
 14290 | Lair:2   | Found a staircase to the Shoals.
 14407 | Lair:2   | Noticed a five-headed hydra
 14430 | Lair:2   | Noticed an eight-headed hydra
 14880 | Lair:2   | Killed a 13-headed hydra
 14880 | Lair:2   | Reached skill level 10 in Armour
 15190 | Lair:2   | Reached skill level 10 in Shields
 15285 | Lair:2   | HP: 1/113 [12-headed hydra (9)]
 15286 | Lair:2   | Succumbed to a spiny frog's poison

Vault maps used:
D:1:      lightli_arrival_quake
D:2:      lemuel_doored_altar, first_ration, dk_noncrumbling_4,
          minmay_misc_feat_roman, nicolae_gozag_seed_capital, uniq_natasha
D:3:      cheibrodos_helix_gallery, chequers_ecumenical_altar_simple_redux,
          uniq_ijyb
D:4:      eat_drink_and_be_merry_uskayaw, minmay_temple_entry_statues_fountains,
          hangedman_decor_diamond_cutter, uniq_sigmund
D:5:      marbit_many_paths, basic_altar, cheibrodos_ashenzari_chains,
          uniq_menkaure, uniq_blork_the_orc
D:6:      nicolae_overflow_crystal_walls, serial_shops, shop
D:7:      kennysheep_mini_moat, old_standard_altar, serial_curves,
          eino_curves_04, eino_curves_02, basic_altar, grunt_livestock,
          uniq_duvessa, uniq_joseph
D:8:      lemuel_crystal_altar, kennysheep_little_box, led_sif_pool,
          nicolae_dithmenos_the_darkroom
D:9:      slow_altar_1, old_standard_altar, vehumet_crystals, tso_oasis_becter,
          uniq_maurice
D:10:     hangedman_decor_lopped, uniq_erolcha, uniq_sonja
D:11:     minmay_lair_entry_grove, lightli_bailey_entry_fortress, hex_large
Temple:   pf_slimified_temple
Lair:1:   cheibrodos_lair_river_kwai
Lair:2:   shoals_dummy_entry, grunt_forest_stairs_basic

Skill      XL: |  1  2  3  4  5  6  7  8  9 10 11 12 |
---------------+-------------------------------------+-----
Fighting       | 4 5 6 8 9 10 11 12 | 12.3
Axes           | 3 4 5 6 7 9 12 13 14 16 | 16.3
Armour         | 4 7 9 10 | 10.2
Shields        | 4 6 9 10 | 10.0
Invocations    | |  0.3

Action                   |  1- 3 |  4- 6 |  7- 9 | 10-12 || total
-------------------------+-------+-------+-------+-------++-------
Melee: War axe           |    86 |    77 |   284 |   561 ||  1008
       Headbutt          |    14 |     5 |    42 |   103 ||   164
       Kick              |       |       |     4 |   146 ||   150
Invok: Heroism           |       |       |       |     5 ||     5
Evoke: Wand              |       |       |       |    10 ||    10
  Use: Potion            |       |     2 |     3 |     8 ||    13
       Scroll            |       |       |    10 |     8 ||    18
  Eat: Ration            |       |     1 |     2 |     4 ||     7
       Chunk             |       |       |    10 |    12 ||    22
Armor: Scale mail        |    41 |    24 |    85 |     9 ||   159
       Plate armour      |       |       |       |   295 ||   295
Dodge: Dodged            |    32 |    17 |    75 |   175 ||   299
Block: Shield            |    35 |    33 |   123 |   323 ||   514

Table legend:
 A = Spawn XP
 B = Non-spawn XP
 C = Spawn XP percentage of total XP
 D = Spawn monster count
 E = Non-spawn monster count
 F = Spawn count percentage of total count
 G = Total turns spent on level
                    A         B        C        D         E        F      G
               +---------+---------+-------+---------+---------+-------+---------
         Total |       0 |   28807 |   0.0 |       0 |     329 |   0.0 | 15286
               +---------+---------+-------+---------+---------+-------+---------
           D:1 |       0 |      28 |   0.0 |       0 |      15 |   0.0 |   497
           D:2 |       0 |     151 |   0.0 |       0 |      23 |   0.0 |  1082
           D:3 |       0 |      62 |   0.0 |       0 |      14 |   0.0 |   463
           D:4 |       0 |     844 |   0.0 |       0 |      24 |   0.0 |  1318
           D:5 |       0 |     958 |   0.0 |       0 |      17 |   0.0 |  1132
           D:6 |       0 |     517 |   0.0 |       0 |      25 |   0.0 |   888
           D:7 |       0 |    2382 |   0.0 |       0 |      29 |   0.0 |  1374
           D:8 |       0 |    1621 |   0.0 |       0 |      37 |   0.0 |   967
           D:9 |       0 |    2843 |   0.0 |       0 |      32 |   0.0 |  1424
          D:10 |       0 |    3920 |   0.0 |       0 |      25 |   0.0 |  1793
          D:11 |       0 |    6468 |   0.0 |       0 |      56 |   0.0 |  1049
        Lair:1 |       0 |    5687 |   0.0 |       0 |      19 |   0.0 |  2497
        Lair:2 |       0 |    3326 |   0.0 |       0 |      13 |   0.0 |   676
               +---------+---------+-------+---------+---------+-------+---------
